Map: 暮色之塔

Players

shengy - Winner!

  • Race: Terran Terran

电脑难度(新手)

  • Race: Zerg Zerg

VOD

Have the link to the VOD?

Description

Time

  • Played on: Nov. 20, 2015, 10:22 p.m.
  • Length: 8:53
Show
View Real Time Build Order
Export as new Build Order

shengy Terran - Winner!

Build Orders: MMM Bio 

Get SALT Encoding   

  12  0:02  SCV  
  13  0:14  SCV  
  14  0:22  Supply Depot  
  14  0:26  SCV  
  15  0:43  SCV  
  15  0:44  Barracks  
  16  0:55  SCV  
  17  0:57  Refinery  
  17  1:08  SCV  
  18  1:14  Supply Depot  
  18  1:20  SCV  
  19  1:32  SCV  
  20  1:41  Marine  
  20  1:44  SCV  
  22  1:54  Refinery  
  22  1:56  SCV  
  22  1:59  Barracks  
  23  2:06  Reaper  
  23  2:08  SCV  
  25  2:20  SCV  
  26  2:23  Command Center  
  26  2:32  SCV  
  27  2:38  Marine  
  28  2:44  SCV  
  28  2:47  Supply Depot  
  28  2:48  Barracks Tech Lab  
  29  2:55  Factory  
  30  3:01  Orbital Command  
  30  3:05  Barracks Reactor  
  29  3:16  Concussive Shells  
  29  3:18  Marauder  
  31  3:28  Supply Depot  
  31  3:35  Orbital Command  
  31  3:38  SCV  
  32  3:44  Widow Mine  
  34  3:56  Marine  
  34  3:58  Marauder  
  34  3:59  Combat Shields  
  37  4:06  Starport  
  37  4:08  SCV  
  38  4:12  Widow Mine  
  38  4:15  Refinery, SCV  
  41  4:20  Marauder, SCV, Marine  
  45  4:34  Armory  
  45  4:37  Engineering Bay  
  45  4:38  SCV  
  46  4:42  Liberator  
  46  4:43  SCV  
  47  4:50  SCV  
  48  4:55  SCV  
  52  5:02  SCV  
  53  5:11  Factory Tech Lab  
  53  5:16  Marine  
  53  5:17  Marine x2  
  53  5:18  Stimpack  
  56  5:25  Supply Depot, Liberator  
  56  5:33  Marine  
  56  5:34  Terran Vehicle And Ship Armor Level 1  
  56  5:35  Marine x2  
  62  5:43  Terran Infantry Weapons Level 1  
  62  6:27  Supply Depot  
  62  6:31  SCV  
  63  6:34  Refinery  
  63  6:38  Engineering Bay, SCV  
  64  6:43  Marauder, SCV  
  67  6:50  SCV  
  67  6:51  Supply Depot, Starport Reactor  
  67  6:52  Starport Tech Lab  
  68  6:55  Cyclone  
  71  7:13  Supply Depot  
  71  7:27  Cyclone  
  74  7:59  Cyclone  
Show
View Real Time Build Order
Export as new Build Order

电脑难度(新手) Zerg 

Build Orders: Pool First 

Get SALT Encoding   

  12  0:01  Drone  
  13  0:12  Overlord  
  13  0:17  Drone  
  14  0:35  Spawning Pool  
  14  0:37  Extractor  
  14  0:39  Drone  
  13  0:47  Drone  
  14  0:52  Overlord  
  14  1:22  Zergling x2  
  14  1:23  Queen  
  17  1:30  Roach Warren  
  16  1:33  Drone  
  16  1:37  Extractor  
  16  1:42  Drone  
  17  1:49  Zergling x2  
  18  2:00  Drone  
  19  2:08  Drone  
  20  2:16  Drone  
  20  2:17  Zergling x2  
  22  2:27  Overlord  
  22  2:31  Drone  
  23  2:38  Drone  
  26  2:44  Roach  
  26  2:45  Drone  
  27  7:05  Zergling x2  
  26  7:14  Drone, Lair, Overlord  
  24  7:21  Drone  
  25  7:23  Hatchery  
  25  7:29  Drone  
  23  7:36  Drone  
  24  7:43  Drone  
  16  7:49  Zergling x2  
  16  7:50  Drone  
  5  7:57  Drone  
  4  8:04  Drone  
  4  8:11  Drone, Queen  
  4  8:12  Overseer x2  
  6  8:19  Drone  
  6  8:26  Drone  
  6  8:31  Zergling x2  
  6  8:33  Drone  
  5  8:40  Drone  
Tags
 
Composition
MMM Bio
Matchup
TvZ
Opening
Pool First
Add a new tag
Caveats
  • Supply blocks, unpowered buildings, or Contaminate may cause inaccurate times.
  • Supply counts are checked every 10 seconds.